TOP OF THE 1ST |
Athens Assassins batting - Pitching for Savannah Hogs : LHP Ricardo Rosário
|
Pitching: LHP Ricardo Rosário
|
|
Batting: RHB Júlio Castillo
|
0-0: Called Strike 0-1: Swinging Strike 0-2: Ball 1-2: Strikes out swinging
|
Batting: RHB Luis López
|
0-0: Ball 1-0: Ball 2-0: Called Strike 2-1: Called Strike 2-2: Fly out, F8 (Flyball, 8LD)
|
Batting: SHB Chris Barrett
|
0-0: Ball 1-0: Ball 2-0: Called Strike 2-1: Ball 3-1: Base on Balls
|
Batting: RHB John Jones
|
0-0: Called Strike Throwing error on steal attempt, E2 Chris Barrett to third 0-1: Called Strike 0-2: Strikes out looking
|
Top of the 1st over - 0 runs, 0 hits, 1 error, 1 left on base; Athens 0 - Savannah 0 |
BOTTOM OF THE 1ST |
Savannah Hogs batting - Pitching for Athens Assassins : RHP José López
|
Pitching: RHP José López
|
|
Batting: RHB Luis Mercado
|
0-0: Ball 1-0: Bunted foul 1-1: Fly out, F8 (Flyball, 8LD)
|
Batting: SHB Ramón Minas
|
0-0: Foul Ball, location: 2F 0-1: Ball 1-1: SINGLE (Groundball, 34) (infield hit)
|
Batting: RHB Rick Holman
|
0-0: Called Strike 0-1: Ball 1-1: Ground out 3-1 (Groundball, 34S) Ramón Minas to second
|
Batting: RHB Pedro Cuevas
|
0-0: Fly out, F7 (Flyball, 7)
|
Bottom of the 1st over - 0 runs, 1 hit, 0 errors, 1 left on base; Athens 0 - Savannah 0 |
TOP OF THE 2ND |
Athens Assassins batting - Pitching for Savannah Hogs : LHP Ricardo Rosário
|
Batting: RHB Jorge Loanos
|
0-0: Foul Ball, location: 2F 0-1: Swinging Strike 0-2: Ball 1-2: Ball 2-2: Ball 3-2: Base on Balls
|
Batting: RHB Pat Johnston
|
0-0: Ball 1-0: Ball 2-0: SINGLE (Groundball, 5D) Jorge Loanos to second
|
Batting: RHB Bill Davis
|
0-0: Foul Ball, location: 2F 0-1: Ball 1-1: Ball 2-1: Foul Ball, location: 2F 2-2: Ball 3-2: Fly out, F8 (Flyball, 8RM) Lined into DP, 8-6 (Flyball, 8RM)
|
Batting: RHB Maximino Abbado
|
0-0: Ball 1-0: Called Strike 1-1: Ground out 4-3 (Groundball, 4)
|
Top of the 2nd over - 0 runs, 1 hit, 0 errors, 1 left on base; Athens 0 - Savannah 0 |
BOTTOM OF THE 2ND |
Savannah Hogs batting - Pitching for Athens Assassins : RHP José López
|
Batting: RHB Louis Miller
|
0-0: Called Strike 0-1: Ball 1-1: Foul Ball, location: 2F 1-2: Ball 2-2: Ground out 4-3 (Groundball, 4S)
|
Batting: RHB Wilson Ortíz
|
0-0: Fly out, F3 (Line Drive, 3S)
|
Batting: SHB Gilberto Acevedo
|
0-0: Ball 1-0: Ball 2-0: Foul Ball, location: 2F 2-1: Foul Ball, location: 2F 2-2: Ball 3-2: Foul Ball, location: 2F 3-2: Strikes out swinging
|
Bottom of the 2nd over - 0 runs, 0 hits, 0 errors, 0 left on base; Athens 0 - Savannah 0 |
TOP OF THE 3RD |
Athens Assassins batting - Pitching for Savannah Hogs : LHP Ricardo Rosário
|
Batting: RHB Don Martin
|
0-0: Called Strike 0-1: Swinging Strike 0-2: Foul Ball, location: 2F 0-2: SOLO HOME RUN (Flyball, 9D), Distance : 358 ft
|
Batting: RHB Júlio Castillo
|
0-0: Foul Ball, location: 2F 0-1: DOUBLE (Line Drive, 8LD)
|
Batting: RHB Luis López
|
0-0: Ball 1-0: Ball 2-0: Called Strike 2-1: Swinging Strike 2-2: Strikes out swinging
|
Batting: SHB Chris Barrett
|
0-0: Called Strike 0-1: Foul Ball, location: 2F 0-2: Foul Ball, location: 2F 0-2: Ball 1-2: Foul Ball, location: 2F 1-2: Ground out 5-3 (Groundball, 56S) Júlio Castillo to third
|
Batting: RHB John Jones
|
0-0: Foul Ball, location: 2F 0-1: Foul Ball, location: 2F 0-2: Foul Ball, location: 2F 0-2: Fly out, F7 (Flyball, 78M)
|
Top of the 3rd over - 1 run, 2 hits, 0 errors, 1 left on base; Athens 1 - Savannah 0 |
BOTTOM OF THE 3RD |
Savannah Hogs batting - Pitching for Athens Assassins : RHP José López
|
Batting: RHB Ramiro Villescaz
|
0-0: Ball 1-0: Ball 2-0: Fly out, F9 (Line Drive, 89M)
|
Batting: RHB Miguel Martínez
|
0-0: Called Strike 0-1: Fly out, F7 (Flyball, 78D)
|
Batting: RHB Luis Mercado
|
0-0: Called Strike 0-1: Foul Ball, location: 2F 0-2: Ball 1-2: Strikes out swinging
|
Bottom of the 3rd over - 0 runs, 0 hits, 0 errors, 0 left on base; Athens 1 - Savannah 0 |
TOP OF THE 4TH |
Athens Assassins batting - Pitching for Savannah Hogs : LHP Ricardo Rosário
|
Batting: RHB Jorge Loanos
|
0-0: Ball 1-0: Ball 2-0: Foul Ball, location: 2F 2-1: Ball 3-1: Base on Balls
|
Batting: RHB Pat Johnston
|
0-0: Swinging Strike 0-1: Ground out 5-3 (Groundball, 56S) Jorge Loanos to second
|
Batting: RHB Bill Davis
|
0-0: Ball 1-0: Foul Ball, location: 2F 1-1: Called Strike 1-2: Foul Ball, location: 2F 1-2: Ball 2-2: Ground out 4-3 (Groundball, 4M) Jorge Loanos to third
|
Batting: RHB Maximino Abbado
|
0-0: Ball 1-0: Ground out 6-3 (Groundball, 6)
|
Top of the 4th over - 0 runs, 0 hits, 0 errors, 1 left on base; Athens 1 - Savannah 0 |
BOTTOM OF THE 4TH |
Savannah Hogs batting - Pitching for Athens Assassins : RHP José López
|
Batting: SHB Ramón Minas
|
0-0: Bunted foul 0-1: Ball 1-1: Ball 2-1: Ball 3-1: Foul Ball, location: 2F 3-2: Base on Balls
|
Batting: RHB Rick Holman
|
0-0: Ball Ramón Minas is caught stealing 2nd base 1-0: Swinging Strike 1-1: Ball 2-1: Swinging Strike 2-2: Strikes out swinging
|
Batting: RHB Pedro Cuevas
|
0-0: Ball 1-0: Foul Ball, location: 2F 1-1: Swinging Strike 1-2: Ball 2-2: SINGLE (Groundball, 34D)
|
Batting: RHB Louis Miller
|
0-0: Swinging Strike 0-1: Swinging Strike 0-2: Strikes out looking
|
Bottom of the 4th over - 0 runs, 1 hit, 0 errors, 1 left on base; Athens 1 - Savannah 0 |
TOP OF THE 5TH |
Athens Assassins batting - Pitching for Savannah Hogs : LHP Ricardo Rosário
|
Batting: RHB Don Martin
|
0-0: Ball 1-0: SINGLE (Flyball, 89S)
|
Batting: RHB Júlio Castillo
|
0-0: Fly out, F9 (Flyball, 9D)
|
Batting: RHB Luis López
|
0-0: Ball 1-0: Foul Ball, location: 2F 1-1: Ball 2-1: Foul Ball, location: 2F 2-2: Ball 3-2: Reached on error, E6 (Groundball, 6) Don Martin to second
|
Batting: SHB Chris Barrett
|
0-0: Called Strike 0-1: Fly out, F9 (Flyball, 9S)
|
Batting: RHB John Jones
|
0-0: Ball 1-0: Fly out, F9 (Flyball, 9LMF)
|
Top of the 5th over - 0 runs, 1 hit, 1 error, 2 left on base; Athens 1 - Savannah 0 |
BOTTOM OF THE 5TH |
Savannah Hogs batting - Pitching for Athens Assassins : RHP José López
|
Batting: RHB Wilson Ortíz
|
0-0: Fly out, F7 (Flyball, 7LS)
|
Batting: SHB Gilberto Acevedo
|
0-0: Called Strike 0-1: Ball 1-1: Foul Ball, location: 2F 1-2: Foul Ball, location: 2F 1-2: Ball 2-2: Strikes out swinging
|
Batting: RHB Ramiro Villescaz
|
0-0: Ground out 5-3 (Groundball, 5)
|
Bottom of the 5th over - 0 runs, 0 hits, 0 errors, 0 left on base; Athens 1 - Savannah 0 |
TOP OF THE 6TH |
Athens Assassins batting - Pitching for Savannah Hogs : LHP Ricardo Rosário
|
Batting: RHB Jorge Loanos
|
0-0: Ball 1-0: Called Strike 1-1: Ground out 5-3 (Groundball, 56S)
|
Batting: RHB Pat Johnston
|
0-0: Ball 1-0: Ball 2-0: Ball 3-0: Base on Balls
|
Batting: RHB Bill Davis
|
0-0: Ball Pat Johnston is caught stealing 2nd base 1-0: Called Strike 1-1: Called Strike 1-2: Foul Ball, location: 2F 1-2: Ball 2-2: Strikes out swinging
|
Top of the 6th over - 0 runs, 0 hits, 0 errors, 0 left on base; Athens 1 - Savannah 0 |
BOTTOM OF THE 6TH |
Savannah Hogs batting - Pitching for Athens Assassins : RHP José López
|
Batting: RHB Miguel Martínez
|
0-0: Called Strike 0-1: Ball 1-1: Called Strike 1-2: Foul Ball, location: 2F 1-2: Ball 2-2: Strikes out swinging
|
Batting: RHB Luis Mercado
|
0-0: Ball 1-0: SINGLE (Groundball, 23) (infield hit)
|
Batting: SHB Ramón Minas
|
0-0: Swinging Strike 0-1: Ball 1-1: Ball 2-1: Foul Ball, location: 2F 2-2: Foul Ball, location: 2F 2-2: Ball 3-2: Base on Balls Luis Mercado to second
|
Batting: RHB Rick Holman
|
0-0: Foul Ball, location: 2F 0-1: Fielders Choice at 2nd, 6-4 (Groundball, 56) Luis Mercado to third
|
Batting: RHB Pedro Cuevas
|
0-0: Swinging Strike 0-1: Ball 1-1: Foul Ball, location: 2F 1-2: Ball 2-2: Ball 3-2: Foul Ball, location: 2F 3-2: Base on Balls Rick Holman to second
|
Batting: RHB Louis Miller
|
0-0: Called Strike 0-1: Ball 1-1: Ball 2-1: Foul Ball, location: 2F 2-2: Ball 3-2: Base on Balls Luis Mercado scores Rick Holman to third Pedro Cuevas to second
|
Batting: RHB Wilson Ortíz
|
0-0: Reached via error on a dropped throw, E3 Rick Holman scores Pedro Cuevas to third Louis Miller to second
|
Batting: SHB Gilberto Acevedo
|
0-0: Ball 1-0: Called Strike 1-1: Fly out, F3 (Line Drive, 3S)
|
Bottom of the 6th over - 2 runs, 1 hit, 1 error, 3 left on base; Athens 1 - Savannah 2 |
TOP OF THE 7TH |
Athens Assassins batting - Pitching for Savannah Hogs : LHP Ricardo Rosário
|
Pitching: RHP Fernando Barrios
|
|
Batting: RHB Maximino Abbado
|
0-0: Ball 1-0: Foul Ball, location: 2F 1-1: Called Strike 1-2: Strikes out swinging
|
Batting: RHB Don Martin
|
0-0: Swinging Strike 0-1: Foul Ball, location: 2F 0-2: Strikes out looking
|
Batting: RHB Júlio Castillo
|
0-0: Swinging Strike 0-1: Ball 1-1: Ground out 6-3 (Groundball, 6)
|
Top of the 7th over - 0 runs, 0 hits, 0 errors, 0 left on base; Athens 1 - Savannah 2 |
BOTTOM OF THE 7TH |
Savannah Hogs batting - Pitching for Athens Assassins : RHP José López
|
Batting: RHB Ramiro Villescaz
|
0-0: SINGLE (Groundball, 6) (infield hit)
|
Batting: RHB Miguel Martínez
|
0-0: Ball 1-0: Bunted foul 1-1: Bunt missed! 1-2: DOUBLE (Line Drive, 8RD) Ramiro Villescaz to third
|
Pinch Hitting: SHB Juan Chávez
|
0-0: Called Strike 0-1: Ball 1-1: Ground out 6-3 (Groundball, 6)
|
Batting: SHB Ramón Minas
|
0-0: Called Strike 0-1: Ball 1-1: SINGLE (Line Drive, 4) Ramiro Villescaz scores Miguel Martínez to third Runner from 3rd tries for Home, SAFE, no throw
|
Batting: RHB Rick Holman
|
0-0: Ball 1-0: SINGLE (Groundball, 6MD) Ramón Minas to second Runner from 2nd tries for 3rd, SAFE, no throw
|
Batting: RHB Pedro Cuevas
|
0-0: Ball 1-0: Foul Ball, location: 2F 1-1: Fly out, F3 (Popup, 3F)
|
Batting: RHB Louis Miller
|
0-0: Foul Ball, location: 2F 0-1: Ball 1-1: SINGLE (Groundball, 34D) Ramón Minas scores Rick Holman to second Runner from 2nd tries for 3rd, SAFE, throw made to third Louis Miller to second
|
Batting: RHB Wilson Ortíz
|
0-0: Foul Ball, location: 2F 0-1: Foul Ball, location: 2F 0-2: Ball 1-2: Foul Ball, location: 2F 1-2: Foul Ball, location: 2F 1-2: Ball 2-2: Fly out, F7 (Flyball, 7S)
|
Bottom of the 7th over - 3 runs, 5 hits, 0 errors, 2 left on base; Athens 1 - Savannah 5 |
TOP OF THE 8TH |
Athens Assassins batting - Pitching for Savannah Hogs : RHP Fernando Barrios
|
Now at 2B: Juan Chávez
|
|
Batting: RHB Luis López
|
0-0: Ball 1-0: Foul Ball, location: 2F 1-1: Swinging Strike 1-2: Ball 2-2: Foul Ball, location: 2F 2-2: Foul Ball, location: 2F 2-2: Foul Ball, location: 2F 2-2: Ball 3-2: Fly out, F2 (Popup, 5SF)
|
Batting: SHB Chris Barrett
|
0-0: Called Strike 0-1: Called Strike 0-2: Ball 1-2: Ball 2-2: Strikes out swinging
|
Batting: RHB John Jones
|
0-0: Ball 1-0: Ball 2-0: Ball 3-0: Base on Balls
|
Batting: RHB Jorge Loanos
|
0-0: Ball 1-0: Called Strike 1-1: Ball 2-1: Ground out 5-3 (Groundball, 56)
|
Top of the 8th over - 0 runs, 0 hits, 0 errors, 1 left on base; Athens 1 - Savannah 5 |
BOTTOM OF THE 8TH |
Savannah Hogs batting - Pitching for Athens Assassins : RHP José López
|
Pitching: RHP Frank Wilcox
|
|
Batting: SHB Gilberto Acevedo
|
0-0: Ball 1-0: Foul Ball, location: 2F 1-1: Ball 2-1: Swinging Strike 2-2: Foul Ball, location: 2F 2-2: Ball 3-2: Foul Ball, location: 2F 3-2: Strikes out looking
|
Batting: RHB Ramiro Villescaz
|
0-0: Foul Ball, location: 2F 0-1: Ball 1-1: Swinging Strike 1-2: Strikes out swinging
|
Batting: RHB Miguel Martínez
|
0-0: Hit by Pitch
|
Batting: SHB Juan Chávez
|
0-0: Called Strike 0-1: Called Strike 0-2: Ball 1-2: Strikes out looking
|
Bottom of the 8th over - 0 runs, 0 hits, 0 errors, 1 left on base; Athens 1 - Savannah 5 |
TOP OF THE 9TH |
Athens Assassins batting - Pitching for Savannah Hogs : RHP Fernando Barrios
|
Batting: RHB Pat Johnston
|
0-0: Fly out, F8 (Flyball, 89S)
|
Batting: RHB Bill Davis
|
0-0: Ball 1-0: Called Strike 1-1: Foul Ball, location: 2F 1-2: Ball 2-2: Ball 3-2: Base on Balls
|
Batting: RHB Maximino Abbado
|
0-0: Ball 1-0: Fly out, F5 (Flyball, 56D)
|
Batting: RHB Don Martin
|
0-0: Ball 1-0: Called Strike 1-1: Fly out, F9 (Flyball, 9)
|
Top of the 9th over - 0 runs, 0 hits, 0 errors, 1 left on base; Athens 1 - Savannah 5 |
|